 Dungeon Crawl Stone Soup version 0.27-a0-1332-g84bddb5ca7 (webtiles) character file.

Game seed: 2614566237699286088

48 Wobber the Insei (level 3, -3/23 HPs)
             Began as an Octopode Transmuter on June 25, 2021.
             Slain by a gnoll (11 damage)
             ... on level 2 of the Dungeon.
             The game lasted 00:04:22 (1737 turns).

Wobber the Insei (Octopode Transmuter)              Turns: 1737, Time: 00:04:22

Health: -3/23      AC:  1    Str:  9    XL:     3   Next: 72%
Magic:  5/6        EV: 13    Int: 16    God:
Gold:   21         SH:  0    Dex: 12    Spells: 2/6 levels left

rFire    + . .     SeeInvis .   f - +0 short sword
rCold    . . .     Faith    .   (no shield)
rNeg     . . .     Spirit   .   (helmet currently unavailable)
rPois    .         Reflect  .   (no amulet)
rElec    .         Harm     .   h - ring of protection from fire
rCorr    .         Rampage  .   (no ring)
Will     .....                  (no ring)
Stlth    +++.......             (no ring)
HPRegen  0.07/turn              (no ring)
MPRegen  0.10/turn              (no ring)
                                (no ring)
                                (no ring)

@: appendages
A: tentacle spike 3, almost no armour, amphibious, 8 rings, camouflage 1,
gelatinous body 1, (nimble swimmer 1), tentacles
a: End Transformation


You were on level 2 of the Dungeon.
One of your tentacles had grown a beastly spike.
You visited 1 branch of the dungeon, and saw 2 of its levels.

You collected 21 gold pieces.

Inventory:

Hand Weapons
 f - a +0 short sword (weapon)
Missiles
 b - 21 sling bullets
 c - 9 poisoned darts
Jewellery
 h - a ring of protection from fire (left tentacle)
Scrolls
 a - a scroll of fog {unknown}
 d - 2 scrolls of blinking {unknown}
 e - a scroll of amnesia {unknown}
 i - a scroll of identify {unknown}
Potions
 g - a potion of degeneration {unknown}
 j - 2 potions of invisibility {unknown}


   Skills:
 + Level 1.5 Fighting
 - Level 2.0 Dodging
 + Level 1.8 Stealth
 + Level 3.2 Unarmed Combat
 + Level 2.3 Spellcasting
 * Level 2.7 Transmutations
 * Level 0.2 Poison Magic


You had 2 spell levels left.
You knew the following spells:

 Your Spells              Type           Power      Damage    Failure   Level
a - Beastly Appendage     Tmut           20%        N/A       6%          1
b - Spider Form           Tmut/Pois      3%         N/A       32%         3

Your spell library contained the following spells:

 Spells                   Type           Power      Damage    Failure   Level
 Wereblood                Tmut           10%        N/A       10%         2
 Ice Form                 Ice/Tmut       6%         N/A       75%         4


Dungeon Overview and Level Annotations

Branches:
Dungeon (2/15)

Altars:


Innate Abilities, Weirdness & Mutations

One of your tentacles has grown a beastly spike.
You cannot wear most types of armour.
You are amphibious.
You can wear up to eight rings at the same time.
Your skin changes colour to match your surroundings (Stealth+).
Your rubbery body absorbs attacks. (AC +1, EV +1)
((You are camouflaged near water. (Stealth+)))
You have tentacles for arms and can constrict up to eight enemies at once.


Message History

The goblin is severely wounded.
You constrict the goblin. The goblin closely misses you.
You hit the goblin.
You kill the goblin!
Magic restored.
Your transformation is almost over.
Your tentacle spike disappears.
HP restored.
You see here a +0 club.
Found a stone staircase leading down.
You see here a +0 ring mail.
j - an emerald potion A bat comes into view.
A bat is nearby!
Found an emerald potion.
Found 23 stones.
A bat comes into view.
The helpless bat fails to defend itself.
You hit the bat.
You kill the bat!
The helpless bat fails to defend itself.
You hit the bat.
You kill the bat!
j - 2 emerald potions (gained 1)
A quokka comes into view.
A quokka is nearby!
A gnoll comes into view. It is wielding a +0 flail.
A bat comes into view.
One of your tentacles grows a vicious spike.
You hit the gnoll but do no damage. Your grab misses the gnoll.
Your tentacle spike misses the gnoll.
The gnoll misses you.
You hit the gnoll but do no damage. Your grab misses the gnoll.
The gnoll hits you with a +0 flail!
You barely miss the gnoll. You grab the gnoll.
You pierce the gnoll.
The gnoll is moderately wounded.
You constrict the gnoll. The gnoll hits you with a +0 flail!
You hit the gnoll but do no damage.
The gnoll is moderately wounded.
You constrict the gnoll. The gnoll hits you with a +0 flail!
You die...

..... ..... .##
...... ....
.b.... ... #....
#.. ##... . #..#
#.g#..P.
#...##@##..P.
#....#...#
##..##.#.# .
##....#.# ..
####.#..#.##.##
##.....(........
##...............
#......†.........
...
#................


You could see a gnoll and a bat.

Vanquished Creatures
  8 ball pythons
  4 bats
  3 endoplasms (D:1)
  3 giant cockroaches
  6 goblins
  4 hobgoblins (D:1)
  6 jackals (D:1)
  2 quokkas (D:1)
  A kobold (D:1)
  2 rats (D:1)
39 creatures vanquished.

Vanquished Creatures (others)
  2 plants (D:2)
2 creatures vanquished.

Grand Total: 41 creatures vanquished

Notes
Turn   | Place    | Note
-------+----------+-------------------------------------------
     0 | D:1      | Wobber the Octopode Transmuter began the quest for the Orb.
     0 | D:1      | Reached XP level 1. HP: 13/13 MP: 3/3
   115 | D:1      | Reached XP level 2. HP: 18/18 MP: 1/5
   120 | D:1      | Reached skill level 1 in Stealth
   701 | D:1      | Found a faded altar of an unknown god.
   717 | D:1      | Reached XP level 3. HP: 9/23 MP: 6/6
  1557 | D:1      | Learned a level 3 spell: Spider Form
  1737 | D:2      | Slain by a gnoll

Illustrated notes

Levels and vault maps discovered:
D:1:      erik_arrival_cave_to_civilisation [erik_arrival_cave_to_hall],
          layout_basic, shapermc_ecumenical_altar_venn, grunt_decor_arrowhead
D:2:      cheibrodos_old_hovel, layout_rooms, serial_shops, shop, serial_forest,
          infiniplex_forest_straight_5, infiniplex_forest_clump_tiny,
          infiniplex_forest_clump_double, infiniplex_forest_lined_1,
          infiniplex_forest_clump_tiny, infiniplex_forest_end_2,
          infiniplex_forest_clump_medium, infiniplex_forest_zigzag_1

Skill      XL: |  1  2 |
---------------+-------+-----
Stealth        | 1 |  1.8
Fighting       | |  1.5
Dodging        | |  2.0
Unarmed Combat | |  3.2
Spellcasting   | |  2.3
Transmutations | |  2.7
Poison Magic   | |  0.2

Action                   || total
-------------------------++-------
Melee: Unarmed           ||    57
       Constrict         ||    21
       Tentacles         ||    10
       Kick              ||    12
       Punch             ||     1
       Short sword       ||    23
 Cast: Beastly Appendage ||    22
 Stab: Sleeping          ||     9
       Distracted        ||     1
Armor: Skin              ||     5
Dodge: Dodged            ||    61

Table legend: (Time is in decaauts)
 A = Elapsed time spent in this place.
 B = Non-inter-level travel time spent in this place.
 C = Inter-level travel time spent in this place.
 D = Time resting spent in this place.
 E = Time spent auto-exploring this place.
 F = Levels seen in this place.
 G = Mean time per level.
                   A        B        C        D        E       F      G
               +--------+--------+--------+--------+--------+-----+--------+
         Total |   1735 |   1690 |     45 |    290 |   1095 |   2 |  867.5 |
       Dungeon |   1735 |   1690 |     45 |    290 |   1095 |   2 |  867.5 |
               +--------+--------+--------+--------+--------+-----+--------+

Top non-repeatable levels by time:
     D:1: 1578 daAuts
     D:2: 156 daAuts
